 Seeded DCSS version 0.29.1-15-g9cfb28693d (webtiles) character file.

Game seed: 11721550145171638735 (custom seed)

1751 Twinkles the Covert (level 8, -16/63 HPs)
             Began as a Vampire Brigand on May 24, 2023.
             Was a Follower of Wu Jian.
             Killed from afar by an acid dragon (30 damage)
             ... with a splash of acid
             ... on level 7 of the Dungeon.
             The game lasted 00:08:50 (4722 turns).

Twinkles the Covert (Vampire Brigand)               Turns: 4722, Time: 00:08:50

Health: -16/63     AC: -1    Str: 10    XL:     8   Next: 78%
Magic:  8/8        EV: 15    Int: 13    God:    Wu Jian [*.....]
Gold:   241        SH:  0    Dex: 18    Spells: 7/7 levels left

rFire   . . .      SeeInvis +   r - +1 dagger (venom)
rCold   . . .      Faith    .   (no shield)
rNeg    + . .      Spirit   .   y - +3 leather armour
rPois   .          Reflect  .   (no helmet)
rElec   .          Harm     .   c - +0 cloak
rCorr   .          Rampage  .   (no gloves)
Will    .....                   (no boots)
Stlth   +++++.....              n - amulet of Vitality {RegenMP++ Regen++}
HPRegen 2.00/turn               D - ring of wizardry
MPRegen 0.91/turn               C - ring of positive energy

@: about to teleport, corroded, healing quickly
A: alive, fangs 3, see invisible, vampiric 2
a: Exsanguinate, Renounce Religion


You were on level 7 of the Dungeon.
You worshipped Wu Jian.
Wu Jian was aware of your devotion.
You visited 2 branches of the dungeon, and saw 8 of its levels.

You collected 241 gold pieces.

Inventory:

Hand Weapons
 a - a +2 dagger
 r - a +1 dagger of venom (weapon)
Missiles
 d - 19 poisoned darts (quivered)
 e - 3 curare-tipped darts
 j - 2 atropa-tipped darts
Armour
 b - a +0 robe
 c - a +0 cloak (worn)
 y - a +3 leather armour (worn)
Jewellery
 n - the amulet of Vitality (around neck) {RegenMP++ Regen++}
   (You found it on level 2 of the Dungeon)

   [amulet of magic regeneration]

   It increases your rate of magic regeneration.
   Regen:     It increases your rate of health regeneration.
 x - an amulet of faith
 C - a ring of positive energy (right hand)
 D - a ring of wizardry (left hand)
Wands
 o - a wand of mindburst (9)
 v - a wand of paralysis (4)
Scrolls
 g - 2 scrolls of poison
 i - a scroll of noise {unknown}
 k - 2 scrolls of teleportation
 q - a scroll of magic mapping {unknown}
 u - a scroll of enchant weapon {unknown}
 z - a scroll of torment {unknown}
 A - a scroll of amnesia {unknown}
 B - a scroll of summoning {unknown}
 G - a scroll of fear {unknown}
Potions
 f - 3 potions of flight
 h - 3 potions of degeneration
 l - a potion of haste
 m - a potion of brilliance {unknown}
 p - 2 potions of magic
 s - a potion of resistance {unknown}
 t - a potion of curing {unknown}
 w - a potion of invisibility {unknown}


   Skills:
 + Level 5.4 Fighting
 + Level 6.5 Short Blades
 - Level 1.8 Throwing
 + Level 6.1 Dodging
 + Level 10.6 Stealth


You had 7 spell levels left.
You didn't know any spells.
Your spell library was empty.

Dungeon Overview and Level Annotations

Branches:
Dungeon (7/15)             Temple (1/1) D:4

Altars:
Ashenzari
Cheibriados
Dithmenos
Gozag
Kikubaaqudgha
Makhleb
Nemelex Xobeh
Okawaru
Qazlal
Ru
Trog
Uskayaw
Vehumet
Wu Jian
Xom
Yredelemnul

Annotations:
D:4 2 runed translucent doors, wextippler1's ghost, amateur DsCj
D:6 1 runed translucent door, exclusion: adder, ChrisAssaf's ghost, novice HuFE; Sigmund
Temple 2 transporters


Innate Abilities, Weirdness & Mutations

Your natural rate of healing is accelerated.
You have razor-sharp teeth.
You have supernaturally acute eyesight. (SInv)
You are afflicted with vampirism and can become a bat while bloodless.


Message History

* * * LOW HITPOINT WARNING * * *
The acid corrodes you!
You feel much better. The acid dragon barely misses you. x2
You hit the acid dragon but do no damage.
The acid dragon is lightly wounded.
You barely miss the acid dragon.
The acid dragon is lightly wounded.
The acid dragon bites you. The acid dragon misses you.
You closely miss the acid dragon.
The acid dragon is lightly wounded.
The acid dragon barely misses you. The acid dragon closely misses you.
You hit the acid dragon but do no damage.
The acid dragon is poisoned.
The acid dragon is lightly wounded.
You closely miss the acid dragon.
The acid dragon is lightly wounded.
The acid dragon spits acid at you. The splash of acid hits you!!
You hit the acid dragon but do no damage.
You bite the acid dragon, but do no damage.
The acid dragon is lightly wounded.
The acid dragon bites you!
* * * LOW HITPOINT WARNING * * *
The acid dragon barely misses you.
You feel much better. The acid dragon misses you. The acid dragon claws you.
As you read the scroll of teleportation, it crumbles to dust.
You feel strangely unstable. The acid dragon bites you!
The acid dragon claws you.
You closely miss the acid dragon.
The acid dragon is lightly wounded.
You closely miss the acid dragon.
The acid dragon is lightly wounded.
The acid dragon spits acid at you. The splash of acid hits you!
* * * LOW HITPOINT WARNING * * *
You closely miss the acid dragon.
The acid dragon is moderately wounded.
The acid dragon spits acid at you. The splash of acid hits you!!
You die...

##. #... ... ... # #
#####.# .... . # #.
##.....# #..# #.#. #.#
##...##.##### ...# #.#.#
#.######............ #..#
..#.###D@........##.#####
#..#
##.#.#.########.#.†...#
#..#####...#.##
#.#.###.###
#............# #.#.#
#...# #..#####...###
#.#.# #.#.# #..######.##
#.#.....#<# ##..D......#
########.#######.#
...######### #........#
#.# #### #.######## #.#


You could see an acid dragon (poisoned, catching breath).

Vanquished Creatures
  A water moccasin (D:6)
  An orc warrior (D:6)
  An ice beast (D:5)
  A sky beast (D:7)
  2 ogres
  2 centaurs
  2 necrophages
  A bullfrog (D:6)
  A scorpion (D:5)
  A wyvern skeleton (D:6)
  A water moccasin skeleton (D:6)
  A bullfrog zombie (D:6)
  7 hounds
  2 jellies
  2 orc priests
  Ijyb (D:3)
  A bullfrog skeleton (D:6)
  2 orc wizards (D:4)
  A gnoll (D:6)
  10 adders
  3 shadow imps (D:6)
  An ufetubus (D:4)
  2 worms
  4 dart slugs
  14 orcs
  3 ball pythons
  4 endoplasms
  4 giant cockroaches
  8 goblins
  5 hobgoblins
  2 jackals (D:4)
  3 quokkas
  6 bats
  4 frilled lizards
  6 kobolds
  3 rats
113 creatures vanquished.

Notes
Turn   | Place    | Note
-------+----------+-------------------------------------------
     0 | D:1      | Twinkles the Vampire Brigand began the quest for the Orb.
     0 | D:1      | Reached XP level 1. HP: 16/16 MP: 1/1
    97 | D:1      | Reached skill level 6 in Stealth
   153 | D:1      | Found a faded altar of an unknown god.
   216 | D:1      | Reached XP level 2. HP: 18/22 MP: 2/2
   802 | D:2      | Found the amulet of Vitality {RegenMP++ Regen++}
   879 | D:2      | Gained mutation: You are afflicted with vampirism and can
                  | become a bat while bloodless. [Vampire growth]
   879 | D:2      | Reached XP level 3. HP: 27/27 MP: 3/3
  1525 | D:3      | Reached XP level 4. HP: 34/34 MP: 4/4
  1633 | D:3      | Noticed Ijyb
  1636 | D:3      | Killed Ijyb
  2024 | D:3      | Reached skill level 7 in Stealth
  2024 | D:3      | Reached XP level 5. HP: 28/39 MP: 5/5
  2225 | D:4      | Found a large runed translucent door.
  2225 | D:4      | Found a large runed translucent door.
  2226 | D:4      | Noticed wextippler1's ghost (amateur DsCj)
  2264 | D:4      | Reached XP level 6. HP: 47/47 MP: 6/6
  2637 | D:4      | Found a staircase to the Ecumenical Temple.
  2643 | Temple   | Entered the Ecumenical Temple
  2643 | Temple   | Found a transporter.
  2643 | Temple   | Found a transporter.
  2645 | Temple   | Found a transporter.
  2645 | Temple   | Found a transporter.
  2662 | Temple   | Became a worshipper of the Wu Jian Council
  2780 | D:5      | Entered Level 5 of the Dungeon
  2841 | D:5      | Found a sacrificial altar of Ru.
  2944 | D:5      | Reached skill level 8 in Stealth
  3058 | D:5      | Reached XP level 7. HP: 53/53 MP: 7/7
  3595 | D:5      | Reached skill level 5 in Short Blades
  3744 | D:6      | Reached skill level 9 in Stealth
  3914 | D:6      | Noticed ChrisAssaf's ghost (novice HuFE)
  3918 | D:6      | Found a runed translucent door.
  3929 | D:6      | Reached skill level 5 in Dodging
  3929 | D:6      | Reached XP level 8. HP: 61/61 MP: 8/8
  3970 | D:6      | Reached * piety under Wu Jian
  4096 | D:6      | Reached skill level 5 in Fighting
  4096 | D:6      | Reached skill level 10 in Stealth
  4183 | D:6      | Noticed Sigmund
  4722 | D:7      | Killed from afar by an acid dragon

Illustrated notes

Levels and vault maps discovered:
D:1:      dpeg_arrival_connections, layout_loops_cross,
          chequers_ecumenical_altar_simple_redux
D:2:      layout_loops_ring, dreamdust_princess_corridor
D:3:      layout_basic, minmay_misc_feat_encased, uniq_ijyb
D:4:      layout_basic, minmay_temple_entry_fiery, ebering_ghost_disaster_area,
          chequers_decorated_corner
D:5:      layout_basic, nicolae_ru_path_of_blood
D:6:      kennysheep_spiral_hall, layout_basic, serial_undead, serial_undead_b,
          serial_undead_b, serial_undead_a, serial_undead_e,
          hellmonk_ghost_happy_afterlife, uniq_sigmund
D:7:      layout_loops_ring, hangedman_abyss_or_decor_lesser_grid,
          hellmonk_guarded_unrand_gyre_and_gimble
Temple:   hellmonk_temple_divided_pantheon

Skill      XL: |  1  2  3  4  5  6  7  8 |
---------------+-------------------------+-----
Stealth        | 6 7 8 9 10 | 10.6
Fighting       | 2 3 4 5 |  5.4
Dodging        | 2 3 5 6 |  6.1
Short Blades   | 3 4 5 6 |  6.5
Throwing       | |  1.8

Action                   |  1- 3 |  4- 6 |  7- 9 || total
-------------------------+-------+-------+-------++-------
Melee: Dagger            |   105 |   107 |   200 ||   412
       Bite              |    12 |    11 |    23 ||    46
       Punch             |       |     4 |     7 ||    11
Invok: Lunge             |       |     4 |    16 ||    20
       Whirlwind         |       |       |     3 ||     3
  Use: Scroll            |       |       |     8 ||     8
       Potion            |       |       |     2 ||     2
 Stab: Sleeping          |    10 |     9 |    14 ||    33
       Distracted        |     1 |       |     1 ||     2
Armor: Robe              |    20 |     2 |       ||    22
       Leather armour    |       |    27 |    42 ||    69
Dodge: Dodged            |    43 |    68 |    98 ||   209
